 Dungeon Crawl Stone Soup version 0.23-a0-650-ga4d50d4 (console) character file.

39 bli the Chopper (level 3, -1/29 HPs)
             Began as a Formicid Abyssal Knight on Jan 4, 2019.
             Was a Follower of Lugonu.
             Slain by a leopard gecko (3 damage)
             ... on level 2 of the Dungeon.
             The game lasted 00:02:46 (1296 turns).

bli the Chopper (Formicid Abyssal Knight)           Turns: 1296, Time: 00:02:47

Health: -1/29      AC:  3    Str: 16    XL:     3   Next: 67%
Magic:  4/4        EV: 11    Int: 11    God:    Lugonu [*.....]
Gold:   50         SH:  0    Dex: 11    Spells: 2/2 levels left

rFire    . . .     SeeInvis +   a - +1 hand axe
rCold    . . .     Gourm    .   (no shield)
rNeg     . . .     Faith    .   b - +0 leather armour
rPois    .         Spirit   .   (helmet unavailable)
rElec    .         Reflect  .   (no cloak)
rCorr    .         Harm     .   (no gloves)
MR       .....                  (no boots)
Stlth    +.........             (no amulet)
HPRegen  0.09/turn              (no ring)
MPRegen  0.09/turn              (no ring)

@: no status effects
A: permanent stasis, dig shafts and tunnels, four strong arms, antennae 3
a: Dig, Shaft Self, Depart the Abyss, Renounce Religion


You were on level 2 of the Dungeon.
You worshipped Lugonu.
Lugonu was aware of your devotion.
You were not hungry.

You visited 1 branch of the dungeon, and saw 2 of its levels.
You visited the Abyss 1 time.

You collected 50 gold pieces.

Inventory:

Hand Weapons
 a - a +1 hand axe (weapon)
Missiles
 h - 6 poisoned needles
 i - 22 stones (quivered)
Armour
 b - a +0 leather armour (worn)
Scrolls
 d - a scroll of teleportation {unknown}
 e - a scroll of immolation {unknown}
 f - 3 scrolls of enchant weapon {unknown}
 j - a scroll of remove curse {unknown}
 o - 2 scrolls of magic mapping {unknown}
 p - a scroll of amnesia {unknown}
Potions
 g - a potion of flight {unknown}
 k - a potion of lignification {unknown}
 l - a potion of heal wounds {unknown}
 m - a potion of might {unknown}
 q - a potion of haste {unknown}
Comestibles
 c - 3 rations
 n - 2 chunks of flesh


   Skills:
 - Level 3.2 Fighting
 + Level 3.7 Axes
 - Level 2.1 Armour
 - Level 0.8 Dodging
 - Level 2.1 Invocations


You had 2 spell levels left.
You didn't know any spells.
Your spell library was empty.

Dungeon Overview and Level Annotations

Branches:
Dungeon (2/15)

Altars:


Innate Abilities, Weirdness & Mutations

You cannot be hasted, slowed, berserked, paralysed or teleported.
You can dig through walls and to a lower floor.
Your four strong arms can wield two-handed weapons with a shield.
You have a pair of large antennae on your head. (SInv)


Message History

The orc wizard is lightly wounded.
You hit the leopard gecko. You hit the orc.
You kill the orc!
Lugonu accepts your kill.
The orc wizard hits you with a +0 dagger.
* * * LOW HITPOINT WARNING * * *
The leopard gecko barely misses you.
The orc wizard hits you but does no damage.
You closely miss the orc wizard.
The orc wizard is lightly wounded.
You miss the leopard gecko. The leopard gecko bites you.
* * * LOW HITPOINT WARNING * * *
The orc wizard hits you with a +0 dagger.
* * * LOW HITPOINT WARNING * * *
The leopard gecko misses you.
You barely miss the orc wizard.
The orc wizard is lightly wounded.
You hit the leopard gecko but do no damage.
The leopard gecko bites you.
You die...

................
........##......
[......## ##..##
.......# #..#
....... .......#
#..## .......
.......# #....
....... .......#
#..#. .....
.......#
#...#.... .#
.<....##
#.....#....
.....##
#####.o)l......
###...
.......@## ...
.######..#
####..### ####..
####.......#
......
##....##.##...#
####.
{##..#####.#
##.#
.#######..## ###
# .....##..##
.....##.##
.....#..#
..>....##


You could see an orc wizard and a leopard gecko.

Vanquished Creatures
  An ooze (D:1)
  A worm (D:2)
  A dart slug (D:2)
  2 orcs (D:2)
  5 bats
  A giant cockroach (D:2)
  5 hobgoblins
  A frilled lizard (D:1)
  5 goblins
  2 kobolds (D:2)
  3 rats
27 creatures vanquished.

Notes
Turn   | Place    | Note
-------+----------+-------------------------------------------
     0 | Abyss:1  | bli the Formicid Abyssal Knight began the quest for the
                  | Orb.
     0 | Abyss:1  | Reached XP level 1. HP: 18/18 MP: 2/2
    83 | Abyss:2  | Noticed a large abomination
    86 | Abyss:2  | Noticed a large abomination
   102 | Abyss:2  | Noticed a wight
   104 | D:1      | Escaped the Abyss
   182 | D:1      | Reached XP level 2. HP: 14/24 MP: 3/3
   195 | D:1      | Reached * piety under Lugonu
  1173 | D:2      | Reached XP level 3. HP: 29/29 MP: 4/4
  1296 | D:2      | Slain by a leopard gecko

Vault maps used:
D:1:      lemuel_arrival_broad_hall, st_stairs_4, interstate_on_off
D:2:      minitemple
Abyss:1:  minivault_27, minivault_26

Skill      XL: |  1  2 |
---------------+-------+-----
Axes           | 3 |  3.7
Fighting       | |  3.2
Armour         | |  2.1
Dodging        | |  0.8
Invocations    | |  2.1

Action                   || total
-------------------------++-------
Melee: Hand axe          ||    74
Invok: Depart the Abyss  ||     1
  Eat: Chunk             ||     1
Armor: Leather armour    ||    20
Dodge: Dodged            ||    42

Table legend:
 A = Non-vault XP
 B = Vault XP
 C = Vault XP percentage of total XP
 D = Non-vault monster count
 E = Vault monster count
 F = Vault count percentage of total count
                 A         B        C        D         E       F
            +---------+---------+-------+---------+---------+-------
      Total |      53 |       3 |   5.4 |      25 |       2 |   7.4
            +---------+---------+-------+---------+---------+-------
        D:1 |      25 |       3 |  10.7 |      12 |       2 |  14.3
        D:2 |      28 |       0 |   0.0 |      13 |       0 |   0.0
            +---------+---------+-------+---------+---------+-------
